 Dungeon Crawl Stone Soup version 0.21-a0-178-g0b87683 (webtiles) character file.

101815 wolfsongas the Bludgeoner (level 15, -6/131 HPs)
             Began as a Demonspawn Fighter on Aug 9, 2017.
             Was a High Priest of Trog.
             Mangled by a stone giant (21 damage)
             ... on level 2 of the Orcish Mines.
             The game lasted 01:03:54 (26203 turns).

wolfsongas the Bludgeoner (Demonspawn Fighter)     Turns: 26203, Time: 01:03:55

Health: -6/131     AC: 30    Str: 22    XL:     15   Next: 84%
Magic:  0/15       EV:  8    Int: 10    God:    Trog [*****.]
Gold:   2833       SH:  1    Dex: 17    Spells: 14/14 levels left

rFire    + + +     SeeInvis +   j - +6 morningstar (venom)
rCold    . . .     Gourm    .   d - -4 buckler "Xauduoj" {rElec rF+ Slay+5}
rNeg     . . .     Faith    .   l - +3 plate armour {rF+}
rPois    .         Spirit   +   (helmet unavailable)
rElec    +         Reflect  .   E - +0 cloak {+Inv}
rCorr    .         Harm     .   u - +0 pair of gloves
MR       +++..                  e - +0 pair of boots
Stlth    ..........             H - amulet of Saariytz {RegenMP rF+ Dex+4}
HPRegen  1.31/turn              h - ring of protection from fire
MPRegen  0.53/turn              J - +4 ring of protection

@: regenerating
A: antennae 3, talons 1, slimy green scales 2, demonic guardian 2, mutation
resistance 1, magic shield, magic regeneration
a: Berserk, Trog's Hand, Brothers in Arms, Burn Spellbooks, Renounce Religion,
Evoke Invisibility


You were on level 2 of the Orcish Mines.
You worshipped Trog.
Trog was extremely pleased with you.
You were full.

You visited 3 branches of the dungeon, and saw 23 of its levels.
You also visited: Trove and Ossuary.

You collected 2833 gold pieces.

Inventory:

Hand Weapons
 j - a +6 morningstar of venom (weapon)
 p - a +4 antimagic great mace
Armour
 d - the -4 buckler "Xauduoj" (worn) {rElec rF+ Slay+5}
   (You found it in a treasure trove)

   It affects your accuracy and damage with ranged weapons and melee attacks
   (+5).
   It protects you from fire.
   It insulates you from electricity.
 e - a +0 pair of boots (worn)
 l - a +3 plate armour of fire resistance (worn)
 s - a +1 plate armour of cold resistance
 u - a +0 pair of gloves (worn)
 E - a +0 cloak of invisibility (worn)
Jewellery
 g - a +4 ring of evasion
 h - a ring of protection from fire (left hand)
 n - an uncursed ring of positive energy
 x - an uncursed ring of protection from cold
 H - the amulet of Saariytz (around neck) {RegenMP rF+ Dex+4}
   (You found it in a treasure trove)

   [amulet of magic regeneration]

   It increases your magic regeneration.
   It affects your dexterity (+4).
   It protects you from fire.
 I - the amulet "Buekk" {+Rage MR+ SInv}
   (You found it in a treasure trove)

   [amulet of rage]

   It affects your resistance to hostile enchantments.
   It lets you see invisible.
   It lets you go berserk.
 J - a +4 ring of protection (right hand)
Wands
 z - a wand of flame (17/48)
 B - a wand of lightning (4/15)
 C - a wand of flame (11/48)
Scrolls
 b - 7 scrolls of recharging
 i - 11 scrolls of remove curse
 v - a scroll of fog
 y - 11 scrolls of teleportation
 G - 3 scrolls of magic mapping
Potions
 a - 2 potions of ambrosia
 c - a potion of might
 k - 6 potions of lignification
 o - a potion of haste
 q - 4 potions of flight
 t - 6 potions of cancellation
 A - 2 potions of brilliance
 F - 3 potions of curing
Comestibles
 f - 14 chunks of flesh
 m - 9 meat rations
 w - 9 fruits
 D - 7 bread rations


   Skills:
 + Level 16.1 Fighting
 + Level 17.0 Maces & Flails
 * Level 12.4 Armour
 - Level 1.0 Dodging
 - Level 0.4 Stealth
 - Level 4.1 Shields
 + Level 1.3 Evocations


You had 14 spell levels left.
You didn't know any spells.

Dungeon Overview and Level Annotations

Branches:
Dungeon (15/15)            Temple (0/1) D:6            Lair (6/6) D:10
  Swamp (0/4) Lair:2       Spider (0/4) Lair:3        Slime (0/5) Lair:6
    Orc (2/2) D:11            Elf (0/3) Orc:2        Vaults (0/5) D:13
 Depths (0/5) D:15

Altars:
Ashenzari
Elyvilon
Fedhas
Sif Muna
Trog
Beogh
Jiyva

Shops:
D:8 }   D:11 ?   Orc:1 :   Orc:2 [:*

Annotations:
D:13 exclusion: 3 oklob plants


Innate Abilities, Weirdness & Mutations

You have a pair of large antennae on your head. (SInv)
You are mostly covered in slimy green scales. (AC +3)
A demonic guardian rushes to your aid.
When hurt, damage is shared between your health and your magic reserves.
You regenerate magic rapidly.
You have sharp toenails.
You are somewhat resistant to further mutation.


Message History

* * * LOW HITPOINT WARNING * * *
Found 17 gold pieces.
An orc warrior comes into view. It is wielding a mace.
You see here a large rock.
The orc warrior shouts!
The stone giant hits you.
* * * LOW HITPOINT WARNING * * *
You hit the stone giant.
The stone giant is poisoned.
The stone giant is lightly wounded.
Your smoke demon hits the stone giant but does no damage. x3
You bludgeon the stone giant!!
The stone giant looks as sick as possible!
The stone giant is moderately wounded.
The stone giant hits you!!
* * * LOW HITPOINT WARNING * * *
You completely miss the stone giant.
The stone giant is moderately wounded.
Your smoke demon gestures at the stone giant.
The stone giant is smitten.
The stone giant hits you!!
You die...

...............##.....
.......................#
..................#.....
....................P..#
.$...#...))........P....
.........)(..)........P)
.........[.......P..)...
.......3(........)8)....
......C@..........).∩...
..............)..P......
....o...........P......P
......................P.
................P.......
.......................#
..........#.......#.####
..........#..........#
.. ............


You could see a stone giant, an orc warrior and a friendly smoke demon.

Vanquished Creatures
  A bone dragon (D:15)
  2 entropy weavers (Lair:5)
  A fire dragon (Lair:6)
  An ettin (D:15)
  6 hydras
  A vault guard (D:14)
  A centaur warrior (D:14)
  4 two-headed ogres
  A queen ant (Lair:5)
  20 death yaks
  3 orc high priests (Orc:2)
  The ghost of eruonna the Grappler, a novice DrTm of Okawaru (D:9)
  A fire crab (Lair:6)
  3 unseen horrors
  A wizard (D:13)
  4 wolf spider zombies (D:15)
  A harpy (shapeshifter) (D:14)
  A deep elf mage (D:14)
  3 orc knights
  3 manticores
  3 orc sorcerers
  4 ugly things
  A moth of wrath (Lair:3)
  4 cyclopes
  3 molten gargoyles (Lair:6)
  5 black mambas
  8 spiny frogs
  A torpor snail (Lair:4)
  4 gargoyles
  10 centaur skeletons
  5 rime drakes
  22 komodo dragons
  A redback zombie (D:15)
  2 kobold demonologists (D:11)
  A freezing wraith (D:14)
  2 tengu conjurers (D:15)
  7 trolls
  7 slime creatures
  4 polar bears
  4 blink frogs
  A harpy skeleton (D:15)
  11 hippogriffs
  2 dream sheep (Lair:4)
  Sigmund (D:3)
  A shadow (D:12)
  Eustachio (D:6)
  A vampire (D:11)
  28 yaks
  A water elemental (D:15)
  2 wyverns
  4 basilisks
  A wraith (D:12)
  3 fire elementals (D:15)
  A hungry ghost (D:10)
  A human (D:10)
  A steam dragon (Lair:6)
  2 hogs (D:10)
  6 vampire mosquitoes (D:15)
  2 wargs
  An acid dragon (D:12)
  20 soldier ants
  8 water moccasins
  Duvessa (D:4)
  8 porcupines
  4 hell hounds (Lair:6)
  6 ice beasts
  An eye of draining (D:10)
  2 sky beasts
  22 orc warriors
  A black bear (shapeshifter) (D:13)
  2 necrophages
  A hornet zombie (D:15)
  2 black bears
  5 ogres
  2 wolves (Lair:5)
  8 centaurs
  11 crocodiles
  An elf zombie (Ossuary)
  Blork the orc (D:12)
  4 big kobolds
  20 bullfrogs
  3 wyvern zombies
  Dowan (D:4)
  A wyvern skeleton (D:7)
  12 scorpions
  5 killer bees (D:10)
  5 wights (D:13)
  A howler monkey (D:9)
  An electric eel (Lair:1)
  5 lava snakes (Lair:6)
  4 crimson imps
  10 centaur zombies
  3 bullfrog zombies
  A human zombie (Ossuary)
  14 jellies
  26 orc priests
  2 bullfrog skeletons
  5 hounds
  5 iguanas
  22 orc wizards
  28 worker ants
  2 big kobold zombies (Ossuary)
  2 hound zombies
  2 hound skeletons
  4 mummies (Ossuary)
  3 gnolls (D:4)
  A howler monkey skeleton (D:10)
  12 adders
  16 oozes
  An adder skeleton (D:7)
  3 worms (Lair:3)
  A dart slug (D:4)
  2 leopard geckos
  102 orcs
  8 giant cockroaches
  3 goblins
  8 hobgoblins
  11 jackals
  12 quokkas
  2 ball pythons (D:2)
  6 bats
  A frilled lizard (D:1)
  A goblin zombie (Ossuary)
  A jackal zombie (Ossuary)
  20 kobolds
  A kobold zombie (Ossuary)
  5 rats
  2 rat zombies (Ossuary)
  A fungus (D:8)
  3 plants (Lair:1)
748 creatures vanquished.

Vanquished Creatures (collateral kills)
  Azrael (D:15)
  A hydra (D:13)
  2 two-headed ogres
  4 death yaks (Lair:3)
  A harpy (shapeshifter) (D:15)
  A deep elf archer (D:14)
  An orc knight (Orc:1)
  A necromancer (D:13)
  An orc sorcerer (Orc:2)
  7 ugly things (D:14)
  A centaur skeleton (D:15)
  A komodo dragon (Lair:6)
  2 trolls
  A hippogriff (D:10)
  5 blink frogs
  7 slime creatures
  2 dream sheep (Lair:4)
  A hog (D:10)
  6 yaks
  2 basilisks
  2 vampire mosquitoes (D:15)
  An acid dragon (D:14)
  2 hell hounds (D:15)
  A sky beast (D:5)
  2 phantoms (D:4)
  6 orc warriors
  3 ogres
  A wolf (Lair:5)
  A crocodile (Lair:6)
  3 centaurs (D:11)
  2 bullfrogs
  A killer bee (D:10)
  A centaur zombie (D:8)
  A jelly (D:13)
  3 orc wizards (Orc:1)
  Jessica (D:2)
  An iguana (D:13)
  3 worker ants
  A hound zombie (Ossuary)
  An adder (D:6)
  A shadow imp (D:14)
  5 orcs
  A gnoll zombie (Ossuary)
92 creatures vanquished.

Vanquished Creatures (others)
  An orc wizard (D:5)
  9 fungi
  A plant (D:13)
11 creatures vanquished.

Grand Total: 851 creatures vanquished

Notes
Turn   | Place    | Note
-------+----------+-------------------------------------------
     0 | D:1      | wolfsongas the Demonspawn Fighter began the quest for the Orb.
     0 | D:1      | Reached XP level 1. HP: 18/18 MP: 1/1
   197 | D:1      | Reached skill level 2 in Maces & Flails
   456 | D:1      | Gained mutation: A weak demonic guardian rushes to your aid. [demonic ancestry]
   456 | D:1      | Reached XP level 2. HP: 24/24 MP: 2/2
   783 | D:2      | Reached skill level 3 in Maces & Flails
   788 | D:2      | Gained mutation: When hurt, damage is shared between your health and your magic reserves. [demonic ancestry]
   788 | D:2      | Reached XP level 3. HP: 21/29 MP: 3/3
   939 | D:2      | Found a shattered altar of Ashenzari.
   967 | D:2      | Noticed Jessica
   970 | D:2      | Killed Jessica
  1039 | D:2      | Reached XP level 4. HP: 29/35 MP: 2/4
  1132 | D:2      | Reached skill level 4 in Maces & Flails
  1522 | D:3      | Noticed Sigmund
  1535 | D:3      | Killed Sigmund
  1535 | D:3      | Reached skill level 5 in Maces & Flails
  1535 | D:3      | Gained mutation: You are partially covered in slimy green scales. (AC +2) [demonic ancestry]
  1535 | D:3      | Reached XP level 5. HP: 25/41 MP: 3/5
  1728 | D:3      | Gained mutation: You are mostly covered in slimy green scales. (AC +3) [demonic ancestry]
  1728 | D:3      | Reached XP level 6. HP: 47/47 MP: 6/6
  1849 | D:3      | Found a blossoming altar of Fedhas.
  2334 | D:4      | Reached skill level 6 in Maces & Flails
  2491 | D:4      | Noticed Duvessa
  2492 | D:4      | Noticed Dowan
  2503 | D:4      | Killed Duvessa
  2508 | D:4      | Killed Dowan
  2637 | D:4      | Reached skill level 7 in Maces & Flails
  2637 | D:4      | Gained mutation: You regenerate magic rapidly. [demonic ancestry]
  2637 | D:4      | Reached XP level 7. HP: 51/52 MP: 7/7
  2715 | D:4      | Reached skill level 1 in Dodging
  3410 | D:4      | Gained mutation: You are weak. (Str -2) [potion of mutation]
  3410 | D:4      | Gained mutation: You are frail. (-10% HP) [potion of mutation]
  3410 | D:4      | Gained mutation: You have sharp fingernails. [potion of mutation]
  3412 | D:4      | Gained mutation: You have a pair of small antennae on your head. [demonic ancestry]
  3412 | D:4      | Reached XP level 8. HP: 68/68 MP: 8/8
  3422 | D:5      | Entered Level 5 of the Dungeon
  3779 | D:5      | Reached skill level 8 in Maces & Flails
  4603 | D:6      | Gained mutation: You have a pair of antennae on your head. [demonic ancestry]
  4603 | D:6      | Reached XP level 9. HP: 51/74 MP: 5/9
  4779 | D:6      | Found a bloodstained altar of Trog.
  4800 | D:6      | Became a worshipper of Trog the Wrathful
  5089 | D:6      | Noticed Eustachio
  5100 | D:6      | Killed Eustachio
  5211 | D:6      | Found a staircase to the Ecumenical Temple.
  5737 | D:7      | Reached skill level 9 in Maces & Flails
  5875 | D:7      | Lost mutation: You are frail. (-10% HP) [potion of mutation]
  5875 | D:7      | Lost mutation: You are weak. (Str -2) [potion of mutation]
  5875 | D:7      | Gained mutation: Your spells are a little harder to cast, but a little more powerful. [potion of mutation]
  5875 | D:7      | Gained mutation: You are somewhat resistant to further mutation. [potion of mutation]
  5975 | D:8      | Found a sand-covered staircase.
  5980 | Ossuary  | Entered an ossuary
  6009 | Ossuary  | Reached * piety under Trog
  6190 | D:8      | Found Tufyaze's Gadget Emporium.
  6230 | D:8      | Noticed a two-headed ogre
  6258 | D:8      | Killed a two-headed ogre
  6258 | D:8      | Reached XP level 10. HP: 41/90 MP: 8/10
  6754 | D:8      | Reached skill level 1 in Evocations
  6755 | D:8      | Reached ** piety under Trog
  7341 | D:9      | Reached skill level 10 in Maces & Flails
  7377 | D:9      | Noticed eruonna's ghost (novice DrTm)
  7781 | D:9      | Killed eruonna's ghost
  7867 | D:9      | Reached *** piety under Trog
  8313 | D:10     | Entered Level 10 of the Dungeon
  8353 | D:10     | Noticed a death yak
  8370 | D:10     | Killed a death yak
  8374 | D:10     | Noticed a death yak
  8379 | D:10     | Noticed a death yak
  8482 | D:10     | Found a roughly hewn altar of Beogh.
  8647 | D:10     | Noticed a gargoyle
  8660 | D:10     | Killed a gargoyle
  8660 | D:10     | Reached **** piety under Trog
  8660 | D:10     | Reached XP level 11. HP: 96/96 MP: 7/11
  8712 | D:10     | Reached skill level 11 in Maces & Flails
  8957 | D:10     | Found a staircase to the Lair.
  8985 | D:10     | Killed a death yak
  9000 | D:10     | Killed a death yak
  9811 | D:10     | Reached skill level 5 in Armour
 10150 | D:11     | Reached skill level 12 in Maces & Flails
 10408 | D:11     | Noticed a green ugly thing
 10417 | D:11     | Killed a green ugly thing
 10817 | D:11     | Noticed a six-headed hydra
 10828 | D:11     | Killed a six-headed hydra
 10845 | D:11     | Noticed a two-headed ogre
 10852 | D:11     | Killed a two-headed ogre
 10853 | D:11     | Reached ***** piety under Trog
 11071 | D:11     | Found Heziulox's Magic Scroll Emporium.
 11153 | D:11     | Gained mutation: A demonic guardian rushes to your aid. [demonic ancestry]
 11153 | D:11     | Reached XP level 12. HP: 105/105 MP: 12/12
 11444 | D:11     | Found a roughly hewn altar of Beogh.
 11444 | D:11     | Found a staircase to the Orcish Mines.
 11498 | D:11     | Reached skill level 13 in Maces & Flails
 12332 | D:12     | Noticed a two-headed ogre
 12336 | D:12     | Killed a two-headed ogre
 12368 | D:12     | Lost mutation: Your spells are a little harder to cast, but a little more powerful. [potion of mutation]
 12368 | D:12     | Lost mutation: You have sharp fingernails. [potion of mutation]
 12368 | D:12     | Lost mutation: You are somewhat resistant to further mutation. [potion of mutation]
 12368 | D:12     | Gained mutation: You have sharp toenails. [potion of mutation]
 12368 | D:12     | Gained mutation: You are somewhat resistant to further mutation. [potion of mutation]
 12576 | D:12     | Noticed Blork the orc
 12583 | D:12     | Killed Blork the orc
 12594 | D:12     | Found a deep blue altar of Sif Muna.
 13107 | D:13     | Found a gate to the Vaults.
 13111 | D:13     | Received a gift from Trog
 13647 | D:13     | Reached skill level 14 in Maces & Flails
 14031 | D:13     | Noticed an eight-headed hydra
 14037 | D:13     | Killed an eight-headed hydra
 14536 | D:14     | Reached XP level 13. HP: 112/112 MP: 13/13
 14880 | D:14     | Found a white marble altar of Elyvilon.
 15387 | D:14     | Reached skill level 15 in Maces & Flails
 15522 | D:14     | Found a portal to a secret trove of treasure.
 15527 | Trove    | Entered a treasure trove
 15548 | Trove    | Got a brightly glowing graven amulet
 15555 | Trove    | Got a brightly glowing zirconium amulet
 15557 | Trove    | Identified the amulet of Saariytz {RegenMP rF+ Dex+4} (You found it in a treasure trove)
 15558 | Trove    | Identified the amulet "Buekk" {+Rage MR+ SInv} (You found it in a treasure trove)
 15575 | Trove    | Got a spiked buckler
 15586 | Trove    | Identified the -4 buckler "Xauduoj" {rElec rF+ Slay+5} (You found it in a treasure trove)
 15587 | Trove    | Got a smoking quarterstaff
 15838 | D:15     | Entered Level 15 of the Dungeon
 15840 | D:15     | Noticed Azrael
 15851 | D:15     | Killed Azrael
 16087 | D:15     | Noticed a bone dragon
 16104 | D:15     | Killed a bone dragon
 16548 | D:15     | Gained mutation: You have a pair of large antennae on your head. (SInv) [demonic ancestry]
 16548 | D:15     | Reached XP level 14. HP: 91/121 MP: 10/14
 16674 | D:15     | Found a staircase to the Depths.
 16914 | D:15     | Reached skill level 16 in Maces & Flails
 17418 | Lair:1   | Entered Level 1 of the Lair of Beasts
 18471 | Lair:2   | Found a staircase to the Swamp.
 19249 | Lair:3   | Identified the cursed +1 quarterstaff of Vaclorhi {venom, Dex+5} (You found it in a treasure trove)
 19552 | Lair:3   | Found a hole to the Spider Nest.
 19994 | Lair:4   | Reached skill level 10 in Armour
 19999 | Lair:4   | Reached skill level 15 in Fighting
 21118 | Lair:4   | Got a polished trident
 21119 | Lair:4   | Identified the +12 trident "Jaetteqea" {flame, rPois Int-4 SInv Stlth+} (You found it on level 4 of the Lair of Beasts)
 21369 | Lair:4   | Reached XP level 15. HP: 129/129 MP: 15/15
 21602 | Lair:5   | Identified a scroll of acquirement
 22626 | Lair:6   | Entered Level 6 of the Lair of Beasts
 23183 | Lair:6   | Found a viscous altar of Jiyva.
 23184 | Lair:6   | Found a staircase to the Slime Pits.
 23756 | Lair:6   | Found a large runed door.
 23756 | Lair:6   | Found a large runed door.
 24087 | Lair:6   | Got a steaming dagger
 24088 | Lair:6   | Identified the +9 dagger of Past Mistakes {pierce, Str+3 Int+2} (You found it on level 6 of the Lair of Beasts)
 24392 | Orc:1    | Entered Level 1 of the Orcish Mines
 24425 | Orc:1    | Found a runed door.
 24484 | Orc:1    | Received a gift from Trog
 24584 | Orc:1    | Found a roughly hewn altar of Beogh.
 24663 | Orc:1    | Found Afuzaf's Book Shop.
 24982 | Orc:1    | Received a gift from Trog
 25058 | Orc:2    | Entered Level 2 of the Orcish Mines
 25071 | Orc:2    | Found Taisanlajeo's Book Shoppe.
 25071 | Orc:2    | Noticed an orc warlord
 25494 | Orc:1    | HP: 6/131 [orc warrior/hand axe (5)]
 25960 | Orc:2    | Found a staircase to the Elven Halls.
 25967 | Orc:2    | Found Nogeil's General Store.
 25986 | Orc:2    | Paralysed by an orc sorcerer for 4 turns
 26068 | Orc:2    | Found Xaonkaol's Antique Armour Shoppe.
 26083 | Orc:2    | Reached skill level 17 in Maces & Flails
 26203 | Orc:2    | Mangled by a stone giant

Vault maps used:
D:1:      mrwooster_arrival_statue_3
D:2:      dk_noncrumbling_2, evilmike_ruin_ashenzari, uniq_jessica
D:3:      first_bread, fedhas_altar_2, uniq_sigmund
D:4:      serial_glass, glass_columns_c, glass_columns_a, grunt_ministairs_3,
          uniq_duvessa
D:6:      minmay_temple_entry_enclosed_plants, basic_altar, uniq_eustachio
D:7:      minmay_statues_item
D:8:      lemuel_slime, serial_shops, shop_fountains, enter_ossuary_5
D:9:      nicolae_overflow_hidden_temple
D:10:     dpeg_lair_monsters, special_room, grunt_livestock, minivault_26
D:11:     david_orc_5, serial_shops, shop_scrolls
D:12:     grunt_decor_one_mirror, tgw_sif
D:13:     david_vaults_1, disabler_island
D:14:     serial_glass, glass_columns_b, glass_columns_c, enter_trove_5,
          elyvilon_altar_5
D:15:     hangedman_depths_entry_civil_slaughter, nicolae_water_bricks,
          minmay_guarded_unrand_zonguldrok, uniq_azrael
Lair:1:   st_stairs_12, serial_bayou_lagoon_a, grunt_megastairs_2
Lair:2:   swamp_mist_pool, st_stairs_4, lemuel_fruit_tree
Lair:3:   nicolae_spider_entry_non_spiders, grunt_megastairs_1
Lair:4:   beast_lair_carwin_7, grunt_megastairs_5
Lair:5:   columned_hall_lemuel, zaba_anthell
Lair:6:   cheibrodos_lair_end_hotspot, slime_altar_1,
          nicolae_lair_grove_arrangements
Orc:1:    serial_shops, nicolae_shop_statue_plus, lightli_church_of_beogh
Orc:2:    grunt_orc_gardens, grunt_orc_garden, grunt_orc_garden,
          grunt_orc_garden, grunt_orc_garden, minmay_orc_barracks
Trove:    trove_simple
Ossuary:  ossuary_minmay_tomb_2a

Skill      XL: |  1  2  3  4  5  6  7  8  9 10 11 12 13 14 15 |
---------------+----------------------------------------------+-----
Maces & Flails | 2 3 5 7 8 9 10 12 14 15 16 17 | 17.0
Dodging        | 1 |  1.0
Fighting       | 12 13 14 15 16 | 16.1
Shields        | 3 4 |  4.1
Armour         | 3 4 5 6 8 10 12 | 12.4
Evocations     | 1 |  1.3
Stealth        | |  0.4

Action                   |  1- 3 |  4- 6 |  7- 9 | 10-12 | 13-15 || total
-------------------------+-------+-------+-------+-------+-------++-------
Melee: Flail             |    75 |   106 |   359 |   794 |       ||  1334
       Morningstar       |       |       |       |   325 |  1216 ||  1541
Invok: Berserk           |       |       |       |     8 |     3 ||    11
       Trog's Hand       |       |       |       |     7 |     4 ||    11
       Burn Spellbooks   |       |       |       |     2 |     1 ||     3
       Brothers in Arms  |       |       |       |     2 |     4 ||     6
Evoke: Wand              |       |       |     4 |     6 |       ||    10
  Use: Potion            |       |     4 |    15 |     7 |     7 ||    33
       Scroll            |       |     7 |    12 |    13 |    23 ||    55
 Stab: Invisible         |       |       |     1 |       |     4 ||     5
       Distracted        |       |       |     1 |     2 |     3 ||     6
  Eat: Chunk             |       |     5 |       |    13 |    12 ||    30
       Bread ration      |       |     2 |     2 |     3 |     1 ||     8
       Meat ration       |       |       |       |     1 |     5 ||     6
       Royal jelly       |       |       |       |     4 |     2 ||     6
       Fruit             |       |       |       |       |     1 ||     1
Armor: Scale mail        |    48 |    35 |    17 |       |       ||   100
       Skin              |       |       |    46 |     9 |    42 ||    97
       Plate armour      |       |       |   165 |   503 |   754 ||  1422
Dodge: Dodged            |    53 |    34 |   160 |   384 |   548 ||  1179
Block: Shield            |    39 |    37 |   225 |   481 |    67 ||   849
       Buckler           |       |       |       |       |    31 ||    31
